[Event "Titled Tuesday Blitz October 11 Early 2022"]
[White "Begunov, Konstantin"]
[Black "Aaditya Dhingra"]
[WhiteFideId "4118510"]
[BlackFideId "25678191"]
[WhiteElo "2225"]
[BlackElo "2054"]
[Result "1-0"]
[Round "03"]
[TimeControl "180+1"]
[Date "2022.10.12"]
[WhiteClock "0:00:32"]
[BlackClock "0:00:17"]

1. d4 Nf6 2. c4 e6 3. Nf3 Bb4+ 4. Nbd2 b6 5. a3 Bxd2+ 6. Bxd2 Bb7 7. Bg5 d6 8. e3 Nbd7 9. Qc2 h6 10. Bh4 g5 11. Bg3 Ne4 12. Bd3 f5 13. O-O Ndf6 14. Nd2 Nxg3 15. fxg3 Qe7 16. e4 fxe4 17. Nxe4 Bxe4 18. Bxe4 O-O-O 19. Bc6 Nd7 20. Qa4 Nb8 21. d5 a6 22. Rfe1 e5 23. b4 Rhf8 24. Rac1 Rf6 25. c5 b5 26. Qa5 dxc5 27. bxc5 Rdf8 28. a4 b4 29. d6 Nxc6 30. Qxa6+ 1-0


[Site "https://www.chess.com"]

[Event "Titled Tuesday Blitz October 11 Early 2022"]
[White "Bharath Subramaniyam H"]
[Black "Hristodoulou, Panagiotis"]
[WhiteFideId "46634827"]
[BlackFideId "4214340"]
[WhiteElo "2395"]
[BlackElo "2272"]
[Result "0-1"]
[Round "03"]
[TimeControl "180+1"]
[Date "2022.10.11"]
[WhiteClock "0:00:29"]
[BlackClock "0:00:04"]

1. d4 Nf6 2. Nc3 d5 3. Bf4 c5 4. e4 cxd4 5. Qxd4 Nc6 6. Bb5 Bd7 7. Bxc6 Bxc6 8. e5 Nd7 9. e6 fxe6 10. Nf3 Qb6 11. Qd2 g6 12. Be3 Qc7 13. Nd4 Rc8 14. Nxe6 Qd6 15. Nxf8 Rxf8 16. O-O e5 17. Bh6 Rf7 18. Ne4 Qe7 19. Ng5 Rf5 20. Rfe1 Nf6 21. Nf3 Ne4 22. Qd3 Kf7 23. g4 Rf6 24. Ng5+ Kg8 25. Nxe4 dxe4 26. Qb3+ Rf7 27. Bd2 Rf8 28. Bb4 Qf6 29. Re2 Rd8 30. Qe3 Qe6 31. Qg5 Rdd7 32. Bc3 Rf4 33. h3 Rf3 34. Qxe5 Qxe5 35. Bxe5 Rxh3 36. Bg3 e3 37. fxe3 Rh1+ 38. Kf2 Rxa1 39. e4 Rxa2 40. c3 Ra6 41. e5 Bd5 42. Ke3 Be6 43. Kf4 Rc6 44. Kg5 Kg7 45. Rh2 Rc4 0-1


[Site "https://www.chess.com"]

[Event "Titled Tuesday Blitz October 11 Early 2022"]
[White "Bilan, Danila"]
[Black "Samant Aditya S"]
[WhiteFideId "24161918"]
[BlackFideId "35080580"]
[WhiteElo "2203"]
[BlackElo "2367"]
[Result "1-0"]
[Round "03"]
[TimeControl "180+1"]
[Date "2022.10.12"]
[WhiteClock "0:00:07"]
[BlackClock "0:00:02"]

1. d4 Nf6 2. Nf3 e6 3. g3 b5 4. Bg2 Bb7 5. O-O c5 6. a4 b4 7. c4 cxd4 8. Qxd4 Nc6 9. Qd1 Bc5 10. b3 O-O 11. Bb2 a5 12. Nbd2 d6 13. Qc2 Qe7 14. Rad1 Rfd8 15. Ng5 h6 16. Nge4 Nxe4 17. Nxe4 Ba7 18. Qb1 Rac8 19. Nd2 Ba8 20. Qa1 Qf8 21. Nf3 Ne7 22. Rd2 Bc5 23. Rfd1 Nf5 24. Nd4 Bxd4 25. Bxd4 Bxg2 26. Kxg2 Qe8 27. Bb6 Qc6+ 28. e4 Nh4+ 29. gxh4 Qxb6 30. Qd4 Qc6 31. f3 Kf8 32. h5 Qc7 33. Rd3 Qe7 34. Qe3 Rc5 35. Qxc5 Qh4 36. Qf2 Qg5+ 37. Qg3 Qxh5 38. Rxd6 Re8 39. Rd8 Rxd8 40. Rxd8+ Ke7 41. Qd6+ Kf6 42. Qd4+ Ke7 43. Rd7+ Ke8 44. Qd2 Qg6+ 45. Kf2 Qf6 46. Rb7 Qh4+ 47. Ke3 Qg5+ 48. Kd3 Qf6 49. Kc2 g5 50. e5 Qf5+ 51. Qd3 Qxe5 52. Qd7+ Kf8 53. Qxf7# 1-0


[Site "https://www.chess.com"]

[Event "Titled Tuesday Blitz October 11 Early 2022"]
[White "Biriukov, Ilja"]
[Black "Urbina Perez, Juan Antonio"]
[WhiteFideId "4113373"]
[BlackFideId "2217368"]
[WhiteElo "2426"]
[BlackElo "2197"]
[Result "0-1"]
[Round "03"]
[TimeControl "180+1"]
[Date "2022.10.12"]
[WhiteClock "0:00:28"]
[BlackClock "0:01:29"]

1. d3 d5 2. d4 Nf6 3. c3 c5 4. Nf3 cxd4 5. cxd4 Nc6 6. Nc3 a6 7. Bf4 Bf5 8. Qb3 Na5 9. Qa4+ Bd7 10. Qc2 Rc8 11. e3 e6 12. Be2 Be7 13. O-O O-O 14. Ne5 Ne4 15. Nxd7 Qxd7 16. Qd3 Nxc3 17. bxc3 Bd6 18. Bg5 Be7 19. Bf4 Bd6 20. Bg5 h6 21. Bh4 Rc7 22. f3 Rfc8 23. Rac1 Qa4 24. e4 Qa3 25. e5 Rxc3 26. Rxc3 Rxc3 27. Qd2 Bf8 28. Be1 Bb4 29. Qf4 Rc8 30. Bf2 Qxa2 31. Bd3 Qd2 32. Qxd2 Bxd2 33. Rb1 b5 34. f4 Rc1+ 35. Rxc1 Bxc1 36. f5 Nc4 37. fxe6 fxe6 38. h4 a5 39. g4 a4 40. Bc2 Ne3 41. Bd3 b4 42. g5 hxg5 43. hxg5 a3 44. Bb1 b3 0-1


[Site "https://www.chess.com"]

[Event "Titled Tuesday Blitz October 11 Early 2022"]
[White "Bluebaum, Matthias"]
[Black "Goryachkina, Aleksandra"]
[WhiteFideId "24651516"]
[BlackFideId "4147103"]
[WhiteElo "2633"]
[BlackElo "2484"]
[Result "1-0"]
[Round "03"]
[TimeControl "180+1"]
[Date "2022.10.11"]
[WhiteClock "0:00:33"]
[BlackClock "0:00:01"]

1. d4 Nf6 2. c4 e6 3. Nc3 d5 4. cxd5 exd5 5. Bg5 c6 6. e3 h6 7. Bh4 Be7 8. Bd3 Ne4 9. Bxe7 Qxe7 10. Bxe4 dxe4 11. Nge2 O-O 12. O-O Na6 13. a3 Nc7 14. Qc2 f5 15. b4 Be6 16. Rab1 Rad8 17. b5 c5 18. dxc5 Qxc5 19. Nd4 Bc8 20. Rfc1 Ne6 21. Qb3 Qe5 22. Nce2 Kh7 23. Rxc8 Rxc8 24. Nxe6 Rf6 25. N6d4 g5 26. Rc1 Rxc1+ 27. Nxc1 f4 28. Qc4 fxe3 29. fxe3 Qe7 30. Nce2 Qxa3 31. Nc2 Qe7 32. h3 Qe6 33. Qd4 a6 34. Ng3 Rf7 35. bxa6 bxa6 36. Nxe4 Re7 37. Nf6+ Kg6 38. Nd5 Rd7 39. e4 Rf7 40. Nce3 Qd6 41. Nf5 Qe6 42. Qh8 1-0


[Site "https://www.chess.com"]

[Event "Titled Tuesday Blitz October 11 Early 2022"]
[White "Boraso, Alessio"]
[Black "Prokofiev, Valentyn"]
[WhiteFideId "848077"]
[BlackFideId "14160161"]
[WhiteElo "2286"]
[BlackElo "2259"]
[Result "0-1"]
[Round "03"]
[TimeControl "180+1"]
[Date "2022.10.12"]
[WhiteClock "0:00:01"]
[BlackClock "0:00:05"]

1. c4 g6 2. g3 Bg7 3. Bg2 c5 4. Nc3 Nc6 5. d3 d6 6. h4 h5 7. Nh3 e5 8. Nd5 Nh6 9. Bg5 f6 10. Bd2 O-O 11. Qc1 Kh7 12. Be4 Nd4 13. Ng5+ fxg5 14. hxg5 Nhf5 15. g4 Nxe2 16. Qd1 Nfg3 17. gxh5 Nxe4 18. hxg6+ Kg8 19. Qxe2 Nxf2 20. Qh5 Nxd3+ 21. Kd1 Bg4+ 22. Kc2 Bxh5 23. Rxh5 Nf4 24. Bxf4 exf4 25. Re1 Re8 26. Rf1 Re4 27. Rfh1 Qe8 28. Rh7 Qxg6 29. R1h4 Re2+ 30. Kb3 Qc2+ 0-1


[Site "https://www.chess.com"]

[Event "Titled Tuesday Blitz October 11 Early 2022"]
[White "Borgaonkar Akshay"]
[Black "Aarav Dengla"]
[WhiteFideId "25639110"]
[BlackFideId "45059756"]
[WhiteElo "2063"]
[BlackElo "2257"]
[Result "0-1"]
[Round "03"]
[TimeControl "180+1"]
[Date "2022.10.12"]
[WhiteClock "0:00:01"]
[BlackClock "0:00:08"]

1. Nf3 d5 2. b3 e6 3. Bb2 Nf6 4. Rg1 c5 5. e3 Nc6 6. g4 a6 7. g5 Nd7 8. h4 Qc7 9. Bh3 Nde5 10. Nxe5 Nxe5 11. f4 Nc6 12. Qf3 Nb4 13. Qd1 Nc6 14. a3 e5 15. Bxc8 Rxc8 16. f5 Qd7 17. Qf3 f6 18. Nc3 e4 19. Qf2 Ne5 20. O-O-O Nf3 21. Rg3 Qxf5 22. gxf6 gxf6 23. d3 Nxh4 24. Qxf5 Nxf5 25. Rh3 d4 26. Nxe4 Nxe3 27. Nxf6+ Ke7 28. Re1 Kxf6 29. Rexe3 Rg8 30. Ref3+ Kg7 31. c3 Bd6 32. cxd4 cxd4+ 33. Kb1 Be5 34. Rf5 Bf6 35. Rg3+ Kf7 36. Rgf3 Rg6 37. Bxd4 Rc6 38. Rh3 Kg7 39. Rxf6 Rcxf6 40. Kc2 Kg8 41. Bxf6 Rxf6 42. Kc3 h6 43. d4 Kf7 44. Kc4 Ke7 45. Kc5 Kd7 46. Rg3 Rf5+ 47. d5 Rf7 48. Rg6 Rh7 49. Rd6+ Kc7 50. Rb6 h5 51. d6+ Kc8 52. Rb4 h4 53. Kb6 h3 54. Rc4+ Kd8 55. Rc1 h2 56. Rh1 Kd7 57. Kxb7 Kxd6+ 58. Kxa6 Kc5 59. b4+ Kc4 60. b5 Kc5 61. a4 Rh6+ 62. Ka5 Rh8 63. Rc1+ Kd5 64. Rd1+ Kc5 65. Rc1+ Kd5 66. Rh1 Kc4 67. Kb6 Kb4 68. a5 Rh6+ 69. Kb7 Kxa5 70. Ka7 Rh7+ 0-1


[Site "https://www.chess.com"]

[Event "Titled Tuesday Blitz October 11 Early 2022"]
[White "Broca Jimenez, Fernando"]
[Black "Sonnenschein, Philipp"]
[WhiteFideId "5104742"]
[BlackFideId "16250877"]
[WhiteElo "2062"]
[BlackElo "2225"]
[Result "0-1"]
[Round "03"]
[TimeControl "180+1"]
[Date "2022.10.12"]
[WhiteClock "0:00:07"]
[BlackClock "0:00:04"]

1. e4 c6 2. d4 d5 3. Nc3 dxe4 4. Nxe4 Nf6 5. Nxf6+ exf6 6. Nf3 Bd6 7. Bd3 O-O 8. O-O Bg4 9. Re1 Nd7 10. h3 Bh5 11. Be3 Re8 12. g4 Bg6 13. Qd2 Nf8 14. Nh4 Bc7 15. Bxg6 hxg6 16. Ng2 g5 17. f4 gxf4 18. Bxf4 Bxf4 19. Qxf4 Ne6 20. Qf2 Qxd4 21. c3 Qxf2+ 22. Kxf2 Nc5 23. Rad1 Rad8 24. Rxe8+ Rxe8 25. Ne3 Kf8 26. Nc4 Ke7 27. Nd6 Rb8 28. Nf5+ Kf8 29. Kf3 g6 30. Ne3 Ke7 31. Nc4 Rd8 32. Re1+ Ne6 33. Re2 Kf8 34. h4 Rd3+ 35. Kf2 Rh3 36. h5 gxh5 37. gxh5 Rxh5 38. Rd2 Rf5+ 39. Kg1 Ke7 40. Nd6 Rg5+ 41. Kf1 b6 42. Nc8+ Kf8 43. Nxa7 Ra5 44. Nc8 Rxa2 45. Nxb6 Nc5 46. Nd7+ Nxd7 47. Rxd7 Rxb2 48. Rc7 Rb6 49. Kf2 Ke8 50. Ke3 f5 51. Kf4 Rb3 52. Kxf5 Rxc3 53. Ke5 Rc5+ 54. Kd4 Rc1 55. Kd3 Kf8 56. Kd2 Rc5 57. Rc8+ Kg7 58. Rc7 Kf6 59. Kd3 Ke6 60. Kd4 Rd5+ 61. Ke4 Rd6 62. Rc8 f5+ 63. Kf4 Rd4+ 64. Ke3 Rc4 65. Re8+ Kd5 66. Rf8 f4+ 67. Kd3 Kc5 68. Rf5+ Kb4 69. Rf8 Rc3+ 70. Kd4 Rc1 71. Rb8+ Ka3 72. Ke4 c5 73. Kxf4 Rd1 74. Ke3 c4 75. Ke2 Rd7 76. Ke3 c3 77. Ke2 c2 78. Rc8 Kb2 79. Rb8+ Kc1 80. Rc8 Rd5 81. Rb8 Re5+ 82. Kf2 Kd2 83. Rd8+ Kc3 84. Rc8+ Kd3 85. Rd8+ Kc4 86. Rd1 cxd1=Q 0-1


[Site "https://www.chess.com"]

[Event "Titled Tuesday Blitz October 11 Early 2022"]
[White "Buscar, Michael"]
[Black "Fajdetic, Hrvoje"]
[WhiteFideId "2603616"]
[BlackFideId "14501945"]
[WhiteElo "2010"]
[BlackElo "2172"]
[Result "0-1"]
[Round "03"]
[TimeControl "180+1"]
[Date "2022.10.12"]
[WhiteClock "0:00:21"]
[BlackClock "0:00:13"]

1. Nf3 d5 2. g3 Nf6 3. Bg2 Bg4 4. c4 c6 5. O-O Qc8 6. Re1 Bh3 7. Bh1 h6 8. b3 g5 9. Ba3 Bg7 10. d4 Ne4 11. Nbd2 Nxd2 12. Qxd2 f5 13. cxd5 cxd5 14. Ne5 Qe6 15. Rac1 Nc6 16. Nxc6 bxc6 17. e3 O-O 18. Qb4 Bf6 19. Qa4 Rfc8 20. Rc2 Rc7 21. Rec1 Rac8 22. Qa5 f4 23. Bxd5 cxd5 24. Rxc7 Rxc7 25. Qxc7 Qe4 26. f3 Qxe3+ 27. Kh1 Qxf3+ 28. Kg1 Qg2# 0-1


[Site "https://www.chess.com"]

[Event "Titled Tuesday Blitz October 11 Early 2022"]
[White "Bychkov, Vladimir"]
[Black "Shandrygin, Nikita"]
[WhiteFideId "24151513"]
[BlackFideId "24198668"]
[WhiteElo "2197"]
[BlackElo "2323"]
[Result "1-0"]
[Round "03"]
[TimeControl "180+1"]
[Date "2022.10.12"]
[WhiteClock "0:00:58"]
[BlackClock "0:00:03"]

1. d4 Nf6 2. Nf3 e6 3. g3 d5 4. Bg2 Be7 5. O-O O-O 6. c4 c6 7. Qc2 b6 8. Rd1 Nbd7 9. b3 Bb7 10. Bb2 Rc8 11. Nc3 c5 12. e3 cxd4 13. Rxd4 e5 14. Rdd1 dxc4 15. Nxe5 Bxg2 16. Nxd7 Nxd7 17. Kxg2 Qe8 18. Qf5 Nf6 19. e4 Qc6 20. Nd5 Nxd5 21. exd5 Qb5 22. Qg4 c3 23. Rac1 Bf6 24. Ba3 Rfd8 25. d6 Qa5 26. Bb4 Qxa2 27. d7 Rc7 28. Re1 h6 29. Re8+ Kh7 30. Qf5+ 1-0


[Site "https://www.chess.com"]

[Event "Titled Tuesday Blitz October 11 Early 2022"]
[White "Carlsen, Magnus"]
[Black "Dushyant Sharma"]
[WhiteFideId "1503014"]
[BlackFideId "25065130"]
[WhiteElo "2830"]
[BlackElo "2270"]
[Result "1-0"]
[Round "03"]
[TimeControl "180+1"]
[Date "2022.10.12"]
[WhiteClock "0:00:39"]
[BlackClock "0:00:10"]

1. d4 d5 2. c4 e6 3. Nf3 Nf6 4. Bg5 Be7 5. e3 O-O 6. Qc2 Ne4 7. Bxe7 Qxe7 8. Bd3 f5 9. Nc3 c6 10. Ne2 Nd7 11. O-O b6 12. cxd5 cxd5 13. Rac1 Rb8 14. Qc7 Rb7 15. Qxc8 Rxc8 16. Rxc8+ Nf8 17. Rfc1 Nd6 18. R8c6 h6 19. h4 Kh7 20. h5 Ne8 21. Nf4 Rc7 22. Rxc7 Nxc7 23. Ne5 Ne8 24. Rc8 Nd6 25. Ra8 g5 26. hxg6+ Kg7 27. Nh5+ Kg8 28. g7 Ne8 29. gxf8=R+ Qxf8 30. g4 fxg4 31. Nxg4 Kf7 32. Rxa7+ Kg8 33. Bg6 1-0


[Site "https://www.chess.com"]

[Event "Titled Tuesday Blitz October 11 Early 2022"]
[White "Chernobay, Artem"]
[Black "Devaev, Alexander"]
[WhiteFideId "4167406"]
[BlackFideId "4169395"]
[WhiteElo "2473"]
[BlackElo "2225"]
[Result "1-0"]
[Round "03"]
[TimeControl "180+1"]
[Date "2022.10.12"]
[WhiteClock "0:00:43"]
[BlackClock "0:00:17"]

1. e4 c6 2. d4 d5 3. Nd2 dxe4 4. Nxe4 Bf5 5. Ng3 Bg6 6. h4 h6 7. Nf3 Nd7 8. h5 Bh7 9. Bd3 Bxd3 10. Qxd3 Qc7 11. Bd2 e6 12. O-O-O Ngf6 13. Ne4 O-O-O 14. c4 c5 15. Kb1 cxd4 16. Nxf6 Nxf6 17. Rh4 Bc5 18. b4 Be7 19. Ka1 Nd7 20. c5 e5 21. Qf5 Bxh4 22. Nxh4 f6 23. Ng6 Rhe8 24. f3 Kb8 25. Rc1 Ka8 26. Qe4 Nf8 27. Nh4 Ne6 28. Nf5 Qc6 29. Qd3 Qd5 30. Qb5 Qc6 31. Qc4 Qd5 32. Qb5 a6 33. Qa5 Qc6 34. Nd6 Rxd6 35. cxd6 Qxd6 36. b5 Qd5 37. Rb1 Re7 38. Qa4 Nc7 39. b6 Nb5 40. Rc1 d3 41. Rc8# 1-0


[Site "https://www.chess.com"]

[Event "Titled Tuesday Blitz October 11 Early 2022"]
[White "Chigaev, Maksim"]
[Black "Ernst, Sipke"]
[WhiteFideId "4108116"]
[BlackFideId "1004689"]
[WhiteElo "2537"]
[BlackElo "2438"]
[Result "1-0"]
[Round "03"]
[TimeControl "180+1"]
[Date "2022.10.12"]
[WhiteClock "0:00:10"]
[BlackClock "0:00:12"]

1. e4 e5 2. Nf3 Nc6 3. Nc3 Nf6 4. h3 d5 5. exd5 Nxd5 6. Bb5 Nxc3 7. bxc3 Bd6 8. O-O O-O 9. d4 Bd7 10. Rb1 Rb8 11. Re1 Re8 12. dxe5 Nxe5 13. Nxe5 Bxb5 14. Rxb5 c6 15. Nxf7 Rxe1+ 16. Qxe1 Kxf7 17. Rf5+ Kg8 18. Qe6+ Kh8 19. Bg5 Qc7 20. Rf7 Bh2+ 21. Kf1 Qe5 22. Qxe5 Bxe5 23. c4 h6 24. Be3 a6 25. Bb6 Kg8 26. Rd7 Bc3 27. Ke2 Kf8 28. Kd3 Bb4 29. c5 Be1 30. f3 Bh4 31. Bc7 Re8 32. Bd6+ Kg8 33. Rxb7 Re1 34. Rb6 Rd1+ 35. Ke2 Rc1 36. Kd2 Rg1 37. g4 Rg2+ 38. Kd3 Rf2 39. Rxc6 Rxf3+ 40. Kc4 Rxh3 41. Rxa6 Be1 42. c6 Rc3+ 43. Kd5 Rxc2 44. c7 Kh7 45. Rc6 1-0


[Site "https://www.chess.com"]

[Event "Titled Tuesday Blitz October 11 Early 2022"]
[White "Cnejev, Vladimir-Alexandru"]
[Black "Gabrielian, Artur"]
[WhiteFideId "1260898"]
[BlackFideId "4131002"]
[WhiteElo "2193"]
[BlackElo "2432"]
[Result "0-1"]
[Round "03"]
[TimeControl "180+1"]
[Date "2022.10.12"]
[WhiteClock "0:00:02"]
[BlackClock "0:01:09"]

1. e4 c5 2. Nf3 d6 3. Bb5+ Nd7 4. O-O a6 5. Bd3 Ngf6 6. Re1 b5 7. c3 c4 8. Bf1 Bb7 9. d3 cxd3 10. Bxd3 g6 11. a4 bxa4 12. Qxa4 Bg7 13. b4 O-O 14. h3 a5 15. Qc2 axb4 16. Rxa8 Qxa8 17. cxb4 Rc8 18. Qe2 Bxe4 19. Bxe4 Qxe4 20. Qxe4 Nxe4 21. Rxe4 Rxc1+ 22. Re1 Rxe1+ 23. Nxe1 Nb6 24. Kf1 Kf8 25. Ke2 e5 26. Kd3 Ke7 27. Nd2 d5 28. f3 f5 29. Nc2 Kd6 30. g4 e4+ 31. Ke2 Ke5 32. gxf5 gxf5 33. fxe4 dxe4 34. Ne3 Bh6 35. Nec4+ Nxc4 36. Nxc4+ Kd5 37. Nb6+ Kd4 38. Nd7 f4 39. b5 f3+ 40. Kf2 Bg5 41. b6 Bh4+ 42. Kg1 e3 43. Ne5 Ke4 44. b7 e2 45. Nxf3 Kxf3 46. Kh2 Bg3+ 47. Kh1 e1=Q# 0-1


[Site "https://www.chess.com"]

[Event "Titled Tuesday Blitz October 11 Early 2022"]
[White "Csonka, Balazs"]
[Black "Le, Tuan Minh"]
[WhiteFideId "742910"]
[BlackFideId "12401153"]
[WhiteElo "2404"]
[BlackElo "2530"]
[Result "0-1"]
[Round "03"]
[TimeControl "180+1"]
[Date "2022.10.11"]
[WhiteClock "0:00:01"]
[BlackClock "0:01:03"]

1. d4 d5 2. c4 c6 3. Nf3 Nf6 4. Nc3 a6 5. a4 e6 6. g3 a5 7. Bg2 Na6 8. O-O Nb4 9. b3 Be7 10. Ne5 b6 11. e4 Bb7 12. Bg5 O-O 13. Rc1 h6 14. Bxf6 Bxf6 15. exd5 cxd5 16. Re1 Rc8 17. Ng4 Bg5 18. f4 Be7 19. Ne3 Ba8 20. cxd5 exd5 21. Nf5 Bf6 22. Qg4 Kh7 23. Bf1 g6 24. Re5 gxf5 25. Qxf5+ Kh8 26. Qh5 Bg7 27. Rg5 Qf6 28. Re1 Qxd4+ 29. Kh1 Qxc3 30. Ree5 d4+ 31. Kg1 Qf3 32. Rxg7 Qxh5 33. Rxh5 Kxg7 0-1


[Site "https://www.chess.com"]

[Event "Titled Tuesday Blitz October 11 Early 2022"]
[White "D`Arruda, Ricardo D."]
[Black "Mirzoev, Azer"]
[WhiteFideId "100692"]
[BlackFideId "13400304"]
[WhiteElo "2430"]
[BlackElo "2525"]
[Result "0-1"]
[Round "03"]
[TimeControl "180+1"]
[Date "2022.10.12"]
[WhiteClock "0:00:31"]
[BlackClock "0:01:41"]

1. d4 c6 2. e4 d5 3. Nc3 dxe4 4. Nxe4 Bf5 5. Ng3 Bg6 6. Nf3 e6 7. Bd3 Nf6 8. O-O c5 9. Bxg6 hxg6 10. dxc5 Bxc5 11. Qxd8+ Kxd8 12. Bf4 Ke7 13. Rad1 Nc6 14. Ne5 Nxe5 15. Bxe5 Rad8 16. c3 Bxf2+ 17. Kxf2 Ng4+ 18. Kg1 Nxe5 19. Ne4 Nc4 20. Rxd8 Rxd8 21. b3 Nd2 22. Nxd2 Rxd2 23. Rf2 Rd1+ 24. Rf1 Rxf1+ 25. Kxf1 e5 26. Ke2 f5 27. c4 g5 28. c5 Ke6 29. b4 Kd5 30. Kd3 e4+ 31. Kc3 f4 32. a3 g4 33. Kd2 Kc4 34. Ke2 a6 35. Kd2 Kb3 0-1


[Site "https://www.chess.com"]

[Event "Titled Tuesday Blitz October 11 Early 2022"]
[White "De Souza, Cristiano Gomes"]
[Black "Chernomordik, Pavel"]
[WhiteFideId "2151758"]
[BlackFideId "2804530"]
[WhiteElo "2068"]
[BlackElo "2217"]
[Result "0-1"]
[Round "03"]
[TimeControl "180+1"]
[Date "2022.10.12"]
[WhiteClock "0:01:07"]
[BlackClock "0:00:47"]

1. d4 g6 2. c4 Bg7 3. Nf3 d6 4. h3 c6 5. Nc3 a6 6. e4 b5 7. a3 Nd7 8. Bd2 Nb6 9. cxb5 axb5 10. d5 Bd7 11. dxc6 Bxc6 12. Rb1 Nc4 13. Bxc4 bxc4 14. O-O Nf6 15. Qe2 Rc8 16. Nd4 Bb7 17. f3 Nxe4 18. Nxe4 Bxd4+ 19. Be3 Qb6 20. Bxd4 Qxd4+ 21. Kh1 Bxe4 22. fxe4 O-O 23. Rbc1 Rb8 24. Rc2 Rfc8 25. Rd1 Qe5 26. Rd5 Qf6 27. e5 dxe5 28. Rxe5 e6 29. Re4 c3 30. Rxc3 Rxc3 31. bxc3 Qxc3 32. Re3 Rb1+ 33. Kh2 Qc7+ 34. g3 Rc1 35. Qf2 Qc4 36. Re2 Rc3 37. Ra2 Qd5 38. a4 Rf3 39. Qg2 Qb3 40. a5 Rxg3 41. Qxg3 Qxa2+ 42. Kg1 Qxa5 43. Qb8+ Kg7 44. Qe5+ Qxe5 0-1


[Site "https://www.chess.com"]

[Event "Titled Tuesday Blitz October 11 Early 2022"]
[White "Dehtiarov, Roman"]
[Black "Mihailidis, Anastasios"]
[WhiteFideId "14186640"]
[BlackFideId "4205588"]
[WhiteElo "2200"]
[BlackElo "2312"]
[Result "1/2-1/2"]
[Round "03"]
[TimeControl "180+1"]
[Date "2022.10.12"]
[WhiteClock "0:00:07"]
[BlackClock "0:00:10"]

1. e4 c5 2. Nc3 Nc6 3. f4 g6 4. Nf3 Bg7 5. Bb5 Nd4 6. O-O a6 7. Bd3 e6 8. e5 Nxf3+ 9. Qxf3 d5 10. exd6 Qxd6 11. Ne4 Qc7 12. c3 Ne7 13. Bc2 O-O 14. d3 Bd7 15. Be3 b6 16. Rad1 Bc6 17. Qf2 Nf5 18. Rfe1 Bxe4 19. dxe4 Nxe3 20. Qxe3 Rfd8 21. e5 Bf8 22. Be4 Rab8 23. h4 h5 24. Qf3 Be7 25. g3 Rxd1 26. Rxd1 Rd8 27. Kg2 Rd7 28. Qe2 b5 29. Rxd7 Qxd7 30. Bf3 Kg7 31. a4 c4 32. axb5 Qxb5 33. Kh3 a5 34. g4 hxg4+ 35. Kxg4 Qc5 36. Bg2 Qg1 37. Kh3 Qc5 38. h5 gxh5 39. Qxh5 Qe3+ 40. Qf3 Qxf3+ 41. Bxf3 a4 42. Be2 a3 43. Bxc4 axb2 44. Bd3 f6 45. exf6+ Kxf6 46. Kg4 Bc5 47. Kf3 e5 48. fxe5+ Kxe5 49. Ke2 Bb6 50. Kd1 Ba5 51. c4 Kd4 52. Kc2 b1=Q+ 53. Kxb1 Kxd3 54. c5 Kc4 55. c6 Kc5 56. Kc2 Kxc6 1/2-1/2


[Site "https://www.chess.com"]

[Event "Titled Tuesday Blitz October 11 Early 2022"]
[White "Deuer, Marius"]
[Black "Rose, Felix"]
[WhiteFideId "16236432"]
[BlackFideId "5105722"]
[WhiteElo "2226"]
[BlackElo "2039"]
[Result "0-1"]
[Round "03"]
[TimeControl "180+1"]
[Date "2022.10.12"]
[WhiteClock "0:00:04"]
[BlackClock "0:00:21"]

1. b3 e5 2. Bb2 Nc6 3. e3 Nf6 4. c4 d5 5. cxd5 Nxd5 6. Nc3 Be6 7. Nf3 Qd7 8. a3 f6 9. Rc1 O-O-O 10. Ne4 h5 11. Bb5 Nde7 12. Nc5 Qd6 13. d4 exd4 14. Nxd4 Bg4 15. f3 Nxd4 16. Bxd4 Bf5 17. O-O a6 18. Ba4 Nc6 19. Nxb7 Kxb7 20. Bxc6+ Kc8 21. Qe2 Qxa3 22. Ra1 Rxd4 23. Rxa3 Bd3 24. Qb2 Rd6 25. Rxa6 Bxa6 26. Be4 Bxf1 27. Kxf1 Kd7 28. Qc2 Be7 0-1


[Site "https://www.chess.com"]

[Event "Titled Tuesday Blitz October 11 Early 2022"]
[White "Djokic, Mihailo"]
[Black "Amgalantengis, Enkh-Amgalan"]
[WhiteFideId "976440"]
[BlackFideId "4903536"]
[WhiteElo "2315"]
[BlackElo "1772"]
[Result "1-0"]
[Round "03"]
[TimeControl "180+1"]
[Date "2022.10.12"]
[WhiteClock "0:02:15"]
[BlackClock "0:01:55"]

1. e4 c6 2. d4 d5 3. e5 Bf5 4. h4 h5 5. Bg5 Qb6 6. Bd3 Bxd3 7. Qxd3 Qxb2 8. e6 Qxa1 9. Qb3 b6 10. Nf3 a5 11. Qxb6 fxe6 12. Qb7 Qxa2 13. Qc8+ 1-0


[Site "https://www.chess.com"]

[Event "Titled Tuesday Blitz October 11 Early 2022"]
[White "Donchenko, Alexander"]
[Black "Hnydiuk, Aleksander"]
[WhiteFideId "24603295"]
[BlackFideId "1109057"]
[WhiteElo "2572"]
[BlackElo "2374"]
[Result "1-0"]
[Round "03"]
[TimeControl "180+1"]
[Date "2022.10.12"]
[WhiteClock "0:00:11"]
[BlackClock "0:00:02"]

1. Nf3 Nf6 2. g3 d5 3. Bg2 Nbd7 4. d4 b5 5. O-O Bb7 6. a4 b4 7. c4 bxc3 8. Nxc3 e6 9. Bf4 Bd6 10. Bxd6 cxd6 11. b4 O-O 12. Qb3 Nb6 13. a5 Nc4 14. Rfc1 Rc8 15. Ne1 Qd7 16. a6 Ba8 17. Nd3 Rc7 18. e3 Rb8 19. b5 Rbc8 20. Nb4 Nb6 21. Nd3 Ne4 22. Ne2 Rc4 23. Bxe4 dxe4 24. Ndf4 e5 25. Rxc4 Nxc4 26. dxe5 dxe5 27. Rd1 Nd2 28. Nh5 Nf3+ 29. Kg2 Qg4 30. Qc4 h6 31. h3 Nh4+ 32. Kh2 Nf3+ 33. Kg2 Qf5 34. g4 Nh4+ 35. Kg1 Nf3+ 36. Kg2 Nh4+ 37. Kf1 Rxc4 38. gxf5 Rc8 39. Nhg3 Rb8 40. Nc3 Rc8 41. Ncxe4 Rb8 42. Nd6 Kh7 43. Rc1 Rb6 44. Nxf7 Rxb5 45. Rc7 Bd5 46. Nd6 Rb1+ 47. Ke2 Rb2+ 48. Kd3 Rb3+ 49. Kc2 Ra3 50. f6 1-0


[Site "https://www.chess.com"]

[Event "Titled Tuesday Blitz October 11 Early 2022"]
[White "Drozdowski, Kacper"]
[Black "Liyanage, Ranindu Dilshan"]
[WhiteFideId "1136720"]
[BlackFideId "9915834"]
[WhiteElo "2485"]
[BlackElo "2210"]
[Result "1-0"]
[Round "03"]
[TimeControl "180+1"]
[Date "2022.10.11"]
[WhiteClock "0:01:33"]
[BlackClock "0:01:08"]

1. e4 e6 2. d4 d5 3. Nd2 c5 4. exd5 Qxd5 5. dxc5 Nf6 6. Ngf3 Qxc5 7. Bd3 Qc7 8. O-O Nc6 9. Qe2 Be7 10. c3 O-O 11. Ne4 Rd8 12. Bg5 Nxe4 13. Qxe4 f5 14. Qe3 Bxg5 15. Nxg5 Ne5 16. Rad1 Ng4 17. Qg3 e5 18. Bc4+ Kf8 19. Rxd8+ Qxd8 20. Nxh7+ Ke7 21. h3 f4 22. Qh4+ Nf6 23. Qg5 1-0


[Site "https://www.chess.com"]

[Event "Titled Tuesday Blitz October 11 Early 2022"]
[White "Dubov, Daniil"]
[Black "Poltorak, Sebastian"]
[WhiteFideId "24126055"]
[BlackFideId "1199498"]
[WhiteElo "2791"]
[BlackElo "2232"]
[Result "1-0"]
[Round "03"]
[TimeControl "180+1"]
[Date "2022.10.12"]
[WhiteClock "0:01:50"]
[BlackClock "0:00:48"]

1. d4 Nf6 2. Nf3 g6 3. c4 Bg7 4. Nc3 d5 5. Bg5 Ne4 6. Bf4 Nxc3 7. bxc3 c5 8. e3 cxd4 9. exd4 O-O 10. cxd5 Qxd5 11. Be2 Nc6 12. O-O Bf5 13. h3 Rac8 14. g4 Be4 15. Nd2 Bg2 16. Bc4 Qa5 17. Kxg2 Qxc3 18. Rc1 Qxd4 19. Be3 Qe5 20. Nf3 Qe4 21. Bd5 Qb4 22. Rb1 Qa5 23. Bxc6 bxc6 24. Qc2 c5 25. Rb7 Bf6 26. g5 Bd4 27. Rxe7 Qd8 28. Qe4 Bxe3 29. Qxe3 Qd5 30. a4 c4 31. Rc1 Rfd8 32. Rc3 a5 33. Re5 Qc6 34. Rxa5 Re8 35. Re5 Rxe5 36. Qxe5 Qxa4 37. Qd5 Qa6 38. Ne5 Qa7 39. Rxc4 Re8 40. Rf4 Rf8 41. Nd7 Qc7 42. Nf6+ Kg7 43. Qd4 Rd8 44. Nd5+ 1-0


[Site "https://www.chess.com"]